← All builds
Front / Armada / Economy first / OBSERVED BUILD

Standard front

Armada Front build order · Supreme Isthmus

Standard economy-first Front play: Bot Lab and Vehicle Plant up immediately, units trickle to the coast and middle, with an Advanced Metal Extractor around 9:00 as the eco transition.

#eco · 1752 distinct matches · 253 players · 74% of Armada Front games · team won 60% of 2050 · Recently observed

HOW TO PLAY IT

Key timing: T2 constructor by 7:43

  1. Open mex and wind, drop Bot Lab and Vehicle Plant almost immediately.
  2. Pump Blitz, Rocketeer and Pawn to the coast to stop leaks first.
  3. Add Centurion and Janus once first units are moving up.
  4. Form units into a line pushing toward middle as numbers grow.
  5. Upgrade to Advanced Metal Extractor as the economy transition kicks in.

Phase by phase

TYPICAL OF ITS 1752 GAMES
  1. 1
  2. 2
  3. 3
PLAY THE OPENING

Follow the example game's first 6:00 step by step: what to build now, what comes next, and where it goes. At 1× it keeps pace with your own game.

  1. 1

    Up to the Bot Lab

    Economy
    • Metal Extractor2Mex
    Order
    1. Bot LabBot Lab after 2 mex, 1 winddone ~0:44, middle half 0:33–0:58

    Some games also: wind (48%) · Vehicle Plant (36%)

    By 0:28 in all: 2 mex

    The example game in this phase · 80 steps
    1. Vehicle PlantVehicle Plantdone 0:22 · typical 0:47
    2. RoverScout
    3. Wind
    4. RoverScout ×2
    5. Construction VehicleCon vehicle
    6. Mex ×3
    7. Construction VehicleCon vehicle
    8. SentrySentry ×2
    9. JanusJanus ×2
    10. Mex
    11. SentrySentry
    12. Construction VehicleCon vehicle
    13. JanusJanus
    14. Mex
    15. SentrySentry
    16. JanusJanus ×2
    17. SentrySentry
    18. JanusJanus
    19. Mex
    20. BlitzBlitz
    21. Wind
    22. BlitzBlitz
    23. Wind ×2
    24. BlitzBlitz
    25. Wind
    26. Energy storage
    27. BlitzBlitz
    28. Con turret
    29. BlitzBlitz ×2
    30. Con turret
    31. BlitzBlitz
    32. Wind
    33. BlitzBlitz
    34. Wind ×2
    35. BlitzBlitz
    36. Wind
    37. BlitzBlitz
    38. Wind
    39. BlitzBlitz
    40. Wind ×2
    41. BlitzBlitz
    42. Wind
    43. BlitzBlitz
    44. Wind
    45. Radar TowerRadar Tower
    46. Wind
    47. BlitzBlitz
    48. Con turret ×2
    49. BlitzBlitz
    50. Wind
    51. BlitzBlitz
    52. Wind
    53. BlitzBlitz
    54. Wind
    55. BlitzBlitz
    56. Wind
    57. BlitzBlitz
    58. Wind
    59. BlitzBlitz
    60. Wind
    61. Construction VehicleCon vehicle
    62. Vehicle PlantEat Vehicle Plantreclaimed for its metal
    63. Wind ×2
    64. Con turret ×2
    65. Wind
    66. Advanced Metal ExtractorT2 mexdone 8:45 · typical 9:00
    67. Wind
    68. BeamerBeamer
    69. Wind ×4
    70. Advanced Metal ExtractorT2 mex
    71. Wind
    72. BeamerBeamer
    73. Wind
    74. Advanced Metal ExtractorT2 mex
    75. Converter ×2
    76. BeamerBeamer
    77. Converter
    78. Advanced Metal ExtractorT2 mex
    79. Converter
    80. Bot LabBot Labdone 10:06 · typical 0:44
  2. 2

    Bot Lab to 5:00

    Economy
    • Metal Extractor4Mex
    • Wind Turbine3Wind
    Builders
    • Construction Bot1 Con bot
    Army
    • Sentry1 Sentry
    • Rocketeer6 Rocketeer

    Some games also: Lazarus (49%) · tick (46%) · centurion (40%) · con vehicle (32%) · janus (31%)

    By 5:00 in all: 6 mex · 6 wind

  3. 3

    5:00 to 10:00

    Economy
    • Metal Extractor1Mex
    • Wind Turbine14Wind
    Builders
    • Construction Turret2 Con turret
    Army
    • Sentry1 Sentry

    Some games also: rocketeer (46%) · energy storage (43%) · Lazarus (38%) · con bot (37%) · Radar Tower (36%)

    By 10:00 in all: 7 mex · 24 wind · 1 energy storage · 3 con turret

    The example game in this phase · 10 steps
    1. Converter
    2. PawnPawn
    3. BeamerBeamer
    4. PawnPawn ×2
    5. Converter
    6. PawnPawn
    7. LazarusLazarus ×2
    8. PawnPawn ×6
    9. Advanced Metal ExtractorT2 mex
    10. PawnPawn ×5

Counts are medians over the build's games: half of them build more, half fewer. The example game is haaven's (43 OS, 14/10/2026); pick another.

Team trades

IN AT LEAST 30% OF ITS GAMES

You hand over

Nothing regular.

You get

  • Tidal Generator4 Tidal from Pondfirst at 0:17 · in 68% of games
  • Advanced Construction Bot1 T2 con bot from Geo or Techfirst at 7:23 · in 65% of games

How it plays out

Typical game of this build, running totals by minute

Metal produced

010k20k30k
0:005:0010:0015:00

metal

Enemy metal destroyed

05k10k
0:005:0010:0015:00

metal

Own metal lost

05k10k
0:005:0010:0015:00

metal

2050 games.

Show as table
ByMetal produced: This buildEnemy metal destroyed: This buildOwn metal lost: This build
1:0033300
2:008402131
3:001618135108
4:002700521333
5:0038461125787
6:00503419211425
7:00625527142294
8:00754335423161
9:00899343114058
10:001057049954783
11:001241055245537
12:001454659606389
13:001692264696966
14:001933472257827
15:002197478778694
WHAT THE NUMBERS SAY

Standard Front play wins more often than Suicide front and produces more metal by 15:00 while losing less of it.

  • + Metal produced reaches 22627 by 15:00, well above Suicide front's 20142.
  • + Own metal lost is 8944 by 15:00, lower than enemy metal destroyed ratio of Suicide front.
  • − First unit lost already at 1:43, showing exposure despite the safer position.
  • − Blitz dominates army share at 25%, leaving fewer Centurion for anti-swarm.
THE EXAMPLE YOU ARE READING

haaven

43.1 OS · 14/10/2026

Open source match ↗

6 received units · includes a constructor
331 metal received · 20432 energy received

Allied construction assistance is unknown. Timings are observations, not a promise of solo reproducibility.

Typical milestones

Bot Lab0:44Middle 50%: 0:33–0:58 · n=1377
Vehicle Plant0:47Middle 50%: 0:41–1:12 · n=1322
Advanced Metal Extractor9:00Middle 50%: 8:08–10:15 · n=1609

Played most by

haaven109games of this buildHummell108games of this buildLeohvm97games of this buildTheGeneraI78games of this buildXad69games of this build